 Dungeon Crawl Stone Soup version 0.19.0-19-g8c6edcc (webtiles) character file.

7501 tsouns the Cleaver (level 10, -7/94 HPs)
             Began as a Minotaur Chaos Knight on Nov 14, 2016.
             Mangled by a hill giant
             ... wielding a +0 giant club of chaos
              (32 damage)
             ... on level 10 of the Dungeon.
             The game lasted 00:37:13 (9428 turns).

tsouns the Cleaver (Minotaur Chaos Knight)          Turns: 9428, Time: 00:37:14

Health: -7/94      AC: 14    Str: 21    XL:     10   Next: 95%
Magic:  8/8        EV: 14    Int:  9    God:    Xom [......]
Gold:   630        SH:  0    Dex: 13    Spells: 0 memorised, 9 levels left

rFire  + . .     SeeInvis .     K - +3 hand axe
rCold  . . .     Gourm    .     F - +1 plate armour {rF+}
rNeg   . . .     Faith    .     (no shield)
rPois  +         Spirit   .     (helmet restricted)
rElec  .         Reflect  .     (no cloak)
rCorr  .         Harm     .     (no gloves)
MR     +....     Clarity  +     q - +2 pair of boots
Stlth  ..........               (no amulet)
                                m - +2 ring of evasion
                                r - ring of poison resistance

@: corroded
A: retaliatory headbutt, horns 2, talons 1, repulsion field 1, clarity, low mp
1, magic resistance 1, regeneration 1, strong 2, wild magic 2, sturdy frame 1
a: Renounce Religion


You were on level 10 of the Dungeon.
You worshipped Xom.
You were a very special plaything of Xom.
You were not hungry.

You visited 2 branches of the dungeon, and saw 11 of its levels.

You collected 630 gold pieces.

Inventory:

Hand Weapons
 a - a +1 hand axe of chaos
 k - a +0 hand axe
 K - a +3 hand axe (weapon)
Missiles
 i - 14 tomahawks
 n - 4 poisoned javelins (quivered)
 t - 2 throwing nets
Armour
 g - a +2 plate armour
 q - a +2 pair of boots (worn)
 F - a +1 plate armour of fire resistance (worn)
Jewellery
 m - a +2 ring of evasion (right hand)
 r - a ring of poison resistance (left hand)
 y - an uncursed ring of see invisible
 H - a +4 ring of strength
 L - an uncursed ring of protection from cold
Wands
 l - a wand of disintegration (7/24)
 I - a wand of flame (11/48)
Scrolls
 h - 10 scrolls of remove curse
 j - 4 scrolls of enchant weapon
 x - a scroll of amnesia
 A - a scroll of magic mapping
 C - a scroll of teleportation
Potions
 b - a potion of resistance
 f - a potion of might
 o - 4 potions of cure mutation
 s - 2 potions of ambrosia
 u - a potion of beneficial mutation {unknown}
 v - 2 potions of heal wounds {unknown}
 w - 2 potions of agility {unknown}
 B - a potion of lignification {unknown}
 D - a potion of magic {unknown}
 E - a potion of flight {unknown}
Comestibles
 c - 6 bread rations
 p - 3 meat rations
 z - 3 fruits
 G - a slice of pizza


   Skills:
 + Level 10.8 Fighting
 + Level 12.8 Axes
 + Level 3.5 Throwing
 + Level 9.7 Armour
 + Level 5.3 Dodging


You had 9 spell levels left.
You didn't know any spells.

Dungeon Overview and Level Annotations

Branches:
Dungeon (10/15)            Temple (0/1) D:4            Lair (1/6) D:9
    Orc: D:9-12

Altars:
Cheibriados
Elyvilon
Hepliaklqana
Makhleb
Okawaru
Qazlal
Sif Muna
Uskayaw
Vehumet
Xom
Yredelemnul
Zin
The Shining One

Annotations:
D:6 mmcf's ghost, novice FoFi


Innate Abilities, Weirdness & Mutations

You reflexively headbutt those who attack you in melee.
You have a pair of horns on your head.
You have sharp toenails.
You are surrounded by a mild repulsion field. (EV +2)
You possess an exceptional clarity of mind.
Your magical capacity is low. (-10% MP)
You are resistant to hostile enchantments. (MR+)
Your natural rate of healing is unusually fast.
Your muscles are very strong. (Str +4)
Your spells are harder to cast, but more powerful.
Your movements are slightly less encumbered by armour. (ER -2)


Message History

The orc hits you with a club.
* * * LOW HITPOINT WARNING * * *
Something hits you but does no damage.
The orc hits the hill giant.
The hill giant barely misses you. You furiously retaliate!
You headbutt the hill giant. You hit the orc.
The orc is severely wounded.
You closely miss the orc. You hit the hill giant. You barely miss something.
The orc hits you but does no damage. x2
You hear some strange, mumbled words.
A magic dart appears from out of thin air!
The magic dart hits you!
* * * LOW HITPOINT WARNING * * *
You slash the orc!
You kill the orc!
You hit the orc but do no damage. You barely miss the hill giant.
You hit something.
The hill giant hits you with a giant club of chaos!!
You die...
Xom laughs nastily!

*** **,* ### **,** *** #o##
*#.** *,* ##†## *#.#* *,**
##C## *#.#* **,* #@o#*##.#*
*,*** ##{)##..#*
**..###.......# ****
*#.$...?......####*,,***
*........(<.).....,**,,**
****................#****,,,
*,,,....#!...)......# **,,
*,,,....###########.#* **,
*,,,...,* **.** **,,


You could see a hill giant and 2 orcs.

Vanquished Creatures
  A hill giant (D:10)
  A salamander (D:9)
  The ghost of appiemonkey the Fighter, a novice MiFi (D:5)
  A water nymph (D:10)
  5 slime creatures
  A snapping turtle (D:8)
  3 hippogriffs
  A wyvern (D:10)
  Duvessa (D:7)
  A water moccasin (D:8)
  A porcupine (D:9)
  2 orc warriors
  3 ice beasts (D:8)
  3 ogres
  A wolf (D:9)
  5 centaurs
  5 big kobolds (D:5)
  Blork the orc (D:6)
  A bullfrog (D:6)
  A wyvern zombie (D:8)
  A gnoll sergeant (D:8)
  Dowan (D:7)
  2 scorpions
  A water moccasin skeleton (D:10)
  4 howler monkeys (D:9)
  3 crimson imps
  A quasit (D:6)
  A gnoll shaman (D:5)
  3 hounds
  5 jellies
  4 orc priests (D:5)
  2 bullfrog skeletons
  A centaur zombie (D:9)
  8 orc wizards
  3 iguanas
  A hell rat (D:6)
  4 worker ants
  A hound zombie (D:6)
  2 hound skeletons
  12 gnolls
  A river rat (D:9)
  17 adders
  3 shadow imps
  An adder skeleton (D:6)
  7 worms
  3 dart slugs
  6 leopard geckos
  34 orcs
  A ball python (D:3)
  16 bats
  6 giant cockroaches
  7 goblins
  12 hobgoblins
  12 jackals
  3 quokkas
  8 frilled lizards
  A jackal skeleton (D:5)
  48 kobolds
  11 rats
  A fungus (D:9)
297 creatures vanquished.

Vanquished Creatures (collateral kills)
  A centaur (D:5)
  A kobold (D:5)
2 creatures vanquished.

Vanquished Creatures (others)
  A two-headed ogre (D:6)
  14 fungi (D:9)
  4 plants (D:9)
19 creatures vanquished.

Grand Total: 318 creatures vanquished

Notes
Turn   | Place    | Note
-------+----------+-------------------------------------------
     0 | D:1      | tsouns the Minotaur Chaos Knight began the quest for the Orb.
     0 | D:1      | Reached XP level 1. HP: 19/19 MP: 0/0
   147 | D:1      | XOM: silly message
   168 | D:1      | XOM: smoke on damage
   193 | D:1      | XOM: medium Air miscast
   194 | D:1      | Reached XP level 2. HP: 25/27 MP: 1/1
   378 | D:1      | XOM: 2-stop teleportation journey
   543 | D:1      | Reached skill level 4 in Axes
   698 | D:1      | XOM: silly message
   699 | D:1      | XOM: enchant monster (bad)
   706 | D:1      | Reached XP level 3. HP: 30/34 MP: 2/2
  1007 | D:2      | XOM: 2-stop teleportation journey
  1122 | D:2      | XOM: mild Conj miscast
  1192 | D:2      | Reached skill level 5 in Fighting
  1255 | D:2      | Reached XP level 4. HP: 42/42 MP: 3/3
  1620 | D:2      | XOM: medium Necr miscast
  1706 | D:2      | Found a faded altar of an unknown god.
  1706 | D:2      | Found a faded altar of an unknown god.
  1711 | D:2      | Found a faded altar of an unknown god.
  1713 | D:2      | Found a faded altar of an unknown god.
  1715 | D:2      | Found a stormy altar of Qazlal.
  2080 | D:3      | Reached skill level 5 in Axes
  2082 | D:3      | XOM: confusion (+ monsters)
  2262 | D:3      | Reached XP level 5. HP: 48/48 MP: 4/4
  2439 | D:3      | XOM: chaos upgrade
  2456 | D:3      | XOM: polymorph rat -> gnoll
  2473 | D:3      | Reached skill level 6 in Axes
  2473 | D:3      | XOM: summons 3 hostile shadow creatures
  2647 | D:3      | Found a shimmering altar of Xom.
  2662 | D:3      | Found a glowing silver altar of Zin.
  2662 | D:3      | Found a white marble altar of Elyvilon.
  2663 | D:3      | Found a hazy altar of Hepliaklqana.
  2721 | D:3      | Found a glowing golden altar of the Shining One.
  3038 | D:4      | Found a hide-covered altar of Uskayaw.
  3120 | D:4      | Reached XP level 6. HP: 56/57 MP: 5/5
  3163 | D:4      | XOM: harmless Conj miscast
  3202 | D:4      | XOM: medium Hex miscast
  3203 | D:4      | XOM: enchant monster (bad)
  3214 | D:4      | XOM: enchant monster (good)
  3452 | D:4      | Found a snail-covered altar of Cheibriados.
  3574 | D:4      | XOM: give mutations
  3574 | D:4      | Gained mutation: You have sharp toenails. [Xom's grace]
  3574 | D:4      | Gained mutation: You are resistant to hostile enchantments. (MR+) [Xom's grace]
  3574 | D:4      | Reached skill level 7 in Axes
  3574 | D:4      | Reached XP level 7. HP: 64/64 MP: 6/6
  3687 | D:4      | Found a staircase to the Ecumenical Temple.
  3843 | D:5      | Entered Level 5 of the Dungeon
  3852 | D:5      | XOM: scenery: 2 doors open
  3857 | D:5      | XOM: summons friendly shadow imp
  3857 | D:5      | XOM: smoke on damage
  3959 | D:5      | XOM: scenery: 1 doors close
  3960 | D:5      | XOM: summons 7 friendly demons
  4136 | D:5      | XOM: 1-stop teleportation journey
  4447 | D:5      | XOM: divination: detect creatures
  4455 | D:5      | Reached skill level 8 in Axes
  4472 | D:5      | Reached skill level 5 in Armour
  4746 | D:5      | Noticed appiemonkey's ghost (novice MiFi)
  4761 | D:5      | XOM: enchant monster (good)
  4782 | D:5      | XOM: summons 7 friendly demons
  4810 | D:5      | XOM: fake destruction
  4816 | D:5      | Reached XP level 8. HP: 27/73 MP: 7/7
  4829 | D:5      | Killed appiemonkey's ghost
  4829 | D:5      | Reached skill level 9 in Axes
  5009 | D:5      | XOM: scenery: 3 doors open, 2 doors close
  5077 | D:5      | XOM is BORED!
  5197 | D:5      | XOM: give mutations
  5197 | D:5      | Gained mutation: Your spells are a little harder to cast, but a little more powerful. [Xom's grace]
  5197 | D:5      | Gained mutation: Your flesh is cold resistant. (rC+) [Xom's grace]
  5197 | D:5      | Gained mutation: Your natural rate of healing is unusually fast. [Xom's grace]
  5197 | D:5      | Gained mutation: Your movements are slightly less encumbered by armour. (ER -2) [Xom's grace]
  5458 | D:5      | Reached skill level 10 in Axes
  5497 | D:5      | XOM: scenery: 2 doors open, 1 doors close
  5541 | D:5      | XOM: give mutations
  5541 | D:5      | Gained mutation: Your muscles are strong. (Str +2) [Xom's grace]
  5541 | D:5      | Gained mutation: Your muscles are very strong. (Str +4) [Xom's grace]
  5564 | D:5      | XOM: stat loss: -1 Str (20/21)
  5711 | D:5      | XOM: scenery: 2 doors close
  5712 | D:5      | XOM: scenery: 1 doors open
  5824 | D:6      | Noticed a two-headed ogre
  5838 | D:6      | Killed a two-headed ogre
  5838 | D:6      | XOM: divine lightning (protected)
  5911 | D:6      | Noticed mmcf's ghost (novice FoFi)
  5921 | D:6      | XOM: 3-stop teleportation journey
  6181 | D:6      | Noticed Blork the orc
  6182 | D:6      | Noticed Edmund
  6195 | D:6      | Killed Blork the orc
  6195 | D:6      | Reached XP level 9. HP: 82/82 MP: 8/8
  6231 | D:6      | Noticed Edmund
  6231 | D:6      | Edmund changed into Edmund the hell rat
  6231 | D:6      | XOM: polymorph Edmund -> Edmund the hell rat
  6237 | D:6      | Killed Edmund the hell rat
  6245 | D:6      | XOM: 2-stop teleportation journey
  6276 | D:6      | XOM: mild Hex miscast
  6459 | D:6      | XOM: summons 4 hostile demons
  6556 | D:6      | Found a deep blue altar of Sif Muna.
  6712 | D:7      | XOM: mild Erth miscast
  6713 | D:7      | Noticed Dowan
  6714 | D:7      | Noticed Duvessa
  6746 | D:7      | Killed Dowan
  6751 | D:7      | Killed Duvessa
  6851 | D:7      | Found an iron altar of Okawaru.
  6906 | D:7      | Found a basalt altar of Yredelemnul.
  6926 | D:7      | Reached skill level 11 in Axes
  7386 | D:8      | XOM: silly message
  7514 | D:8      | XOM: 3-stop teleportation journey
  7520 | D:8      | Noticed Erica
  7530 | D:8      | Noticed Erica
  7530 | D:8      | Erica changed into Erica the snapping turtle
  7530 | D:8      | XOM: polymorph Erica -> Erica the snapping turtle
  7729 | D:8      | XOM: harmless Ice miscast
  7751 | D:8      | Found a burning altar of Makhleb.
  7752 | D:8      | Found a radiant altar of Vehumet.
  7881 | D:8      | Killed Erica the snapping turtle
  7881 | D:8      | Reached skill level 12 in Axes
  7937 | D:8      | XOM: give mutations
  7937 | D:8      | Gained mutation: You have razor-sharp toenails. [Xom's grace]
  7937 | D:8      | Gained mutation: You possess an exceptional clarity of mind. [Xom's grace]
  8153 | D:9      | XOM: polymorph howler monkey -> wolf
  8161 | D:9      | XOM: medium Hex miscast
  8194 | D:9      | Reached XP level 10. HP: 85/92 MP: 9/9
  8197 | D:9      | XOM: fog
  8199 | D:9      | XOM: give mutations
  8199 | D:9      | Lost mutation: You have razor-sharp toenails. [Xom's mischief]
  8199 | D:9      | Gained mutation: You are surrounded by a mild repulsion field. (EV +2) [Xom's mischief]
  8199 | D:9      | Lost mutation: Your flesh is cold resistant. (rC+) [Xom's mischief]
  8469 | D:9      | You fall through a shaft!
  8469 | D:10     | Entered Level 10 of the Dungeon
  8473 | D:10     | XOM: harmless Pois miscast
  8492 | D:10     | XOM: summons 1 hostile shadow creature
  8503 | D:10     | Reached skill level 10 in Fighting
  8551 | D:10     | XOM: noise
  8608 | D:10     | Noticed a hill giant
  8621 | D:10     | XOM: summons 2 hostile shadow creatures
  8622 | D:10     | Noticed a gargoyle
  8626 | D:10     | Killed a hill giant
  8626 | D:10     | Reached skill level 1 in Throwing
  8732 | D:10     | XOM: chaos cloud
  8820 | D:9      | Gained mutation: Your magical capacity is low. (-10% MP) [mutagenic glow]
  8845 | D:9      | XOM: give mutation
  8845 | D:9      | Gained mutation: Your spells are harder to cast, but more powerful. [Xom's mischief]
  9097 | D:9      | XOM: summons 2 hostile demons
  9098 | D:9      | Noticed a smoke demon
  9129 | D:9      | Found a staircase to the Lair.
  9178 | Lair:1   | Entered Level 1 of the Lair of Beasts
  9178 | Lair:1   | Noticed a black mamba
  9178 | Lair:1   | Noticed a salamander
  9178 | Lair:1   | a black mamba changed into a salamander
  9178 | Lair:1   | XOM: polymorph black mamba -> salamander
  9183 | Lair:1   | XOM: mild Hex miscast
  9191 | D:9      | XOM: mild Tloc miscast
  9199 | D:9      | Killed a salamander
  9199 | D:9      | Reached skill level 5 in Dodging
  9213 | D:9      | XOM: summons 1 hostile shadow creature
  9388 | D:10     | Noticed a hill giant
  9388 | D:10     | Noticed a hill giant
  9388 | D:10     | Noticed a water nymph
  9388 | D:10     | a hill giant changed into a water nymph
  9388 | D:10     | XOM: polymorph hill giant -> water nymph
  9418 | D:10     | XOM: chaos upgrade
  9419 | D:10     | Killed a water nymph
  9421 | D:10     | XOM: swap monsters
  9428 | D:10     | Mangled by a hill giant

Skill      XL: |  1  2  3  4  5  6  7  8  9 10 |
---------------+-------------------------------+-----
Fighting       | 4 5 6 7 8 9 10 | 10.8
Axes           | 4 5 6 7 8 10 12 | 12.8
Armour         | 3 4 5 6 8 9 |  9.7
Dodging        | 2 5 |  5.3
Throwing       | 3 |  3.5

Action                   |  1- 3 |  4- 6 |  7- 9 | 10-12 || total
-------------------------+-------+-------+-------+-------++-------
Melee: Hand axe          |    61 |   197 |   524 |   304 ||  1086
       Headbutt          |     7 |    33 |   127 |    79 ||   246
Throw: Javelin           |       |     3 |     8 |     4 ||    15
Evoke: Wand              |       |       |     4 |       ||     4
  Use: Scroll            |     5 |     8 |    12 |     1 ||    26
       Potion            |       |       |     6 |     2 ||     8
 Stab: Confused          |       |     1 |       |       ||     1
       Paralysed         |       |     3 |     3 |     7 ||    13
       Petrifying        |       |       |     1 |       ||     1
       Invisible         |       |       |       |     9 ||     9
       Petrified         |       |       |       |     6 ||     6
  Eat: Chunk             |     1 |     7 |     9 |     4 ||    21
       Beef jerky        |       |       |     1 |     1 ||     2
       Pizza             |       |       |     1 |       ||     1
       Bread ration      |       |       |     1 |       ||     1
Armor: Leather armour    |    18 |       |       |       ||    18
       Plate armour      |     4 |    94 |   297 |   113 ||   508
Dodge: Dodged            |    33 |    44 |   181 |   159 ||   417
